 Dungeon Crawl Stone Soup version 0.30-a0-778-g2ef04afb54 (webtiles) character file.

Game seed: 13119986277685692664

4 theswoord the Chiller (level 1, 0/15 HPs)
             Began as a Naga Ice Elementalist on Feb 15, 2023.
             Slain by a ball python (3 damage)
             ... on level 1 of the Dungeon.
             The game lasted 00:00:15 (121 turns).

theswoord the Chiller (Naga Ice Elementalist)        Turns: 121, Time: 00:00:16

Health: 0/15       AC:  1    Str: 10    XL:     1   Next: 70%
Magic:  0/3        EV:  9    Int: 15    God:
Gold:   4          SH:  0    Dex: 11    Spells: 3/4 levels left

rFire   . . .      SeeInvis +    (no weapon)
rCold   . . .      Faith    .    (no shield)
rNeg    . . .      Spirit   .    a - +0 robe
rPois   +          Reflect  .    (no helmet)
rElec   .          Harm     .    (no cloak)
rCorr   .          Rampage  .    (no gloves)
Will    .....      Rnd*Tele +    (no barding)
Stlth   ++                       (no amulet)
HPRegen 0.22/turn                (no ring)
MPRegen 0.08/turn                (no ring)

@: very slightly contaminated, very slow
A: AC +0, large, see invisible, deformed body, poison resistance, slowness 2,
spit poison 1, naga tail 1, teleportitis 1, wild magic 1
a: Spit Poison


You were on level 1 of the Dungeon.
You visited 1 branch of the dungeon, and saw 1 of its levels.

You collected 4 gold pieces.

Inventory:

Armour
 a - a +0 robe (worn)
Potions
 b - a potion of magic


   Skills:
 - Level 1.5 Dodging
 - Level 3.0 Stealth
 + Level 2.2 Spellcasting
 + Level 4.1 Ice Magic


You had 3 spell levels left.
You knew the following spells:

 Your Spells              Type           Power      Damage    Failure   Level
a - Freeze                Ice            72%        1d8       7%          1

Your spell library contained the following spells:

 Spells                   Type           Power      Damage    Failure   Level
 Frozen Ramparts          Ice            36%        1d6       17%         3
 Ozocubu's Armour         Ice            18%        N/A       17%         3
 Summon Ice Beast         Ice/Summ       10%        N/A       75%         4


Dungeon Overview and Level Annotations

Branches:
Dungeon (1/15)

Altars:


Innate Abilities, Weirdness & Mutations

Your serpentine skin is tough. (AC +0)
You have supernaturally acute eyesight. (SInv)
Armour fits poorly on your strangely shaped body.
Your system is resistant to poisons. (rPois)
You cover ground very slowly.
You can spit poison.
You have a snake-like lower body.
You are occasionally teleported next to monsters.
Your spells are a little harder to cast, but a little more powerful.


Message History

The kobold shouts!
The bat closely misses you.
A ball python comes into view.
Aim: a bat (moderately wounded)
You freeze the bat.
You kill the bat!
The ball python hisses angrily. x2
The hobgoblin hits you.
You closely miss the hobgoblin. The hobgoblin completely misses you.
You barely miss the hobgoblin. The hobgoblin barely misses you.
You completely miss the hobgoblin. Your punch misses the hobgoblin.
The hobgoblin barely misses you.
You hit the hobgoblin but do no damage. The hobgoblin hits you.
Aim: a ball python You freeze the ball python.
You kill the ball python!
The ball python bites you. The hobgoblin hits you.
Aim: a kobold, wielding a +0 short sword and quivering stones You freeze the kobold.
You kill the kobold!
The ball python bites you.
* * * LOW HITPOINT WARNING * * *
The hobgoblin hits you.
* * * LOW HITPOINT WARNING * * *
The ball python completely misses you.
You don't have enough magic to cast this spell.
The ball python bites you but does no damage.
You hit the ball python but do no damage.
The ball python barely misses you.
You hit the ball python but do no damage.
The ball python barely misses you.
It was a potion of mutation.
You feel extremely strange.
You feel weirdly uncertain.
You feel less in control of your magic. The ball python bites you.
* * * LOW HITPOINT WARNING * * *
Aim: a ball python You miscast Freeze.
You are very lightly contaminated with residual magic.
Nothing appears to happen.
The ball python bites you.
You die...

....... .8.÷..÷ ## ###
....... .###... ..÷..÷÷
#.#.#.# ..8...8##
#..##.# #....#
#####..##.## #)g#
#........... ##S#
#.###..###.# ######@###
#.# #..###.# ..........#
#.# #......#
#######.#.###.###.###..#
#.#.........###..#
#.............#..#
############.....#
###########......#
#........†.......#
#.#########......#


You could see a hobgoblin and a ball python.

Vanquished Creatures
  A bat (D:1)
  A ball python (D:1)
  A frilled lizard (D:1)
  A kobold (D:1)
  2 rats (D:1)
6 creatures vanquished.

Notes
Turn   | Place    | Note
-------+----------+-------------------------------------------
     0 | D:1      | theswoord the Naga Ice Elementalist began the quest for the
                  | Orb.
     0 | D:1      | Reached XP level 1. HP: 15/15 MP: 3/3
   120 | D:1      | Gained mutation: You are occasionally teleported next to
                  | monsters. [potion of mutation]
   120 | D:1      | Gained mutation: Your spells are a little harder to cast,
                  | but a little more powerful. [potion of mutation]
   121 | D:1      | Slain by a ball python

Action                     || total
---------------------------++-------
  Melee: Unarmed           ||    10
   Cast: Freeze            ||     6
    Use: Potion            ||     1
   Stab: Sleeping          ||     2
 Armour: Robe              ||     4
  Dodge: Dodged            ||     9

Levels and vault maps discovered:
D:1:      doesnt_arrival_eight_statues, layout_loops_ring,
          shapermc_ecumenical_altar_pompeii, minmay_misc_feat_iff,
          nicolae_wormholes
